 Dungeon Crawl Stone Soup version 0.24.0-1-gfbc8707 (webtiles) character file.

Game seed: 14206442708071484629, levelgen mode: deterministic

90482 Faca the Severer (level 16, -7/155 HPs)
             Began as a Hill Orc Monk on Oct 30, 2019.
             Was the Champion of Beogh.
             Mangled by a shambling mangrove (10 damage)
             ... on level 1 of the Swamp.
             The game lasted 01:37:21 (32409 turns).

Faca the Severer (Hill Orc Monk)                   Turns: 32409, Time: 01:37:22

Health: -7/155     AC: 22    Str: 25    XL:     16   Next: 0%
Magic:  22/22      EV:  5    Int: 10    God:    Beogh [******]
Gold:   461        SH: 18    Dex: 17    Spells: 15/15 levels left

rFire    + . .     SeeInvis +   z - +0 broad axe (chop)
rCold    + + .     Gourm    .   l - +0 shield
rNeg     . . .     Faith    .   k - +1 plate armour {rPois}
rPois    +         Spirit   .   n - +0 helmet {SInv}
rElec    .         Reflect  +   J - scarf {rC+ rF+}
rCorr    +         Harm     .   T - +0 pair of gloves of Happy Babbling {*Drain +Blink Str+4}
MR       +....                  r - +1 pair of boots {run}
Stlth    ..........             P - +5 amulet of reflection
HPRegen  0.35/turn              a - ring of Entrepreneurial Spirit {rC+ Dex+4 Stlth+}
MPRegen  0.18/turn              E - ring of resist corrosion

@: lethally poisoned (-7 -> -11), grasped by roots, slowed, constricted, very
slow
A: walk on water
a: Smiting, Recall Orcish Followers, Give Item to Named Follower, Resurrection,
Renounce Religion, Evoke Blink


You were on level 1 of the Swamp.
You worshipped Beogh.
Beogh was exalted by your worship.
You were not hungry.

You visited 5 branches of the dungeon, and saw 25 of its levels.
You also visited: Ossuary and Bailey.

You collected 2556 gold pieces.
You spent 2095 gold pieces at shops.

Inventory:

Hand Weapons
 z - a +0 broad axe of chopping (weapon)
 C - the +6 hand axe "Vemm" {chop, rC- MR+ Stlth+}
   (You found it on level 14 of the Dungeon)

   It inflicts extra damage upon your enemies.
   It makes you vulnerable to cold.
   It affects your resistance to hostile enchantments.
   It makes you more stealthy.
 R - a +2 morningstar of holy wrath
Missiles
 m - 7 throwing nets (quivered)
Armour
 k - a +1 plate armour of poison resistance (worn)
 l - a +0 shield (worn)
 n - a +0 helmet of see invisible (worn)
 r - a +1 pair of boots of running (worn)
 J - a scarf of resistance (worn)
 T - the +0 pair of gloves of Happy Babbling (worn) {*Drain +Blink Str+4}
   (You found it in a bailey)

   It affects your strength (+4).
   It lets you blink.
   It causes draining when unequipped.
Jewellery
 a - the ring of Entrepreneurial Spirit (left hand) {rC+ Dex+4 Stlth+}
   (You acquired it on level 5 of the Lair of Beasts)

   [ring of protection from cold]

   It affects your dexterity (+4).
   It protects you from cold.
   It makes you more stealthy.
 w - the ring "Igirpheimn" {Ice rElec rN+ MR- Int+4}
   (You found it on level 5 of the Dungeon)

   [ring of ice]

   It enhances your ice magic.
   It affects your intelligence (+4).
   It makes you vulnerable to fire.
   It protects you from cold.
   It insulates you from electricity.
   It protects you from negative energy.
   It affects your resistance to hostile enchantments.
 E - a ring of resist corrosion (right hand)
 P - a +5 amulet of reflection (around neck)
Wands
 p - a wand of iceblast (14)
 A - a wand of acid (5)
 I - a wand of scattershot (3)
 L - a wand of paralysis (14)
Scrolls
 d - 15 scrolls of remove curse
 h - 4 scrolls of enchant weapon
 i - 6 scrolls of fog
 j - 3 scrolls of fear
 o - 3 scrolls of magic mapping
 t - 14 scrolls of teleportation
 x - 4 scrolls of immolation
 y - 5 scrolls of enchant armour
 F - a scroll of identify
 M - 2 scrolls of brand weapon
 O - 2 scrolls of holy word
Potions
 e - a potion of ambrosia
 f - 3 potions of agility
 g - 5 potions of lignification
 q - 2 potions of haste
 s - 2 potions of brilliance
 u - 8 potions of curing
 v - 2 potions of cancellation
 B - 3 potions of resistance
 D - 2 potions of berserk rage
 H - 2 potions of flight
 K - 5 potions of mutation
Comestibles
 c - 32 rations


   Skills:
 + Level 17.4 Fighting
 + Level 20.1 Axes
 + Level 13.5 Armour
 - Level 2.4 Dodging
 - Level 1.5 Stealth
 + Level 10.1 Shields
 - Level 9.1 Invocations


You had 15 spell levels left.
You didn't know any spells.
Your spell library contained the following spells:

 Spells                   Type           Power        Failure   Level  Hunger
 Corona                   Hex            #......      99%         1    ##.....
 Magic Dart               Conj           #...         99%         1    ##.....
 Summon Butterflies       Summ           #.......     99%         1    ##.....
 Blink                    Tloc           N/A          100%        2    ###....
 Call Imp                 Summ           #.......     100%        2    ###....
 Slow                     Hex            #.......     100%        2    ###....
 Call Canine Familiar     Summ           #.......     100%        3    ####...
 Conjure Flame            Conj/Fire      #.......     100%        3    ####...
 Inner Flame              Hex/Fire       #.......     100%        3    ####...
 Mephitic Cloud           Conj/Pois/Air  #.......     100%        3    ####...
 Portal Projectile        Hex/Tloc       #.....       100%        3    ####...
 Cause Fear               Hex            #.........   100%        4    #####..
 Ice Form                 Ice/Tmut       #.......     100%        4    #####..
 Leda's Liquefaction      Hex/Erth       #.........   100%        4    #####..
 Summon Ice Beast         Ice/Summ       #.......     100%        4    #####..
 Summon Lightning Spire   Summ/Air       #.......     100%        4    #####..
 Metabolic Englaciation   Hex/Ice        #.........   100%        5    ######.
 Silence                  Hex/Air        #.........   100%        5    ######.
 Summon Mana Viper        Hex/Summ       #.......     100%        5    ######.
 Bolt of Cold             Conj/Ice       #.........   100%        6    #######
 Conjure Ball Lightning   Conj/Air       #.........   100%        6    #######
 Deflect Missiles         Chrm/Air       #.........   100%        6    #######
 Freezing Cloud           Conj/Ice/Air   #.........   100%        6    #######
 Ozocubu's Refrigeration  Ice            #.........   100%        6    #######
 Simulacrum               Ice/Necr       #.........   100%        6    #######
 Summon Hydra             Summ           #.........   100%        7    #######
 Tornado                  Air            #.........   100%        9    #######


Dungeon Overview and Level Annotations

Branches:
Dungeon (15/15)            Temple (1/1) D:5            Lair (6/6) D:8
  Swamp (1/4) Lair:3        Snake (0/4) Lair:4        Slime (0/5) Lair:6
    Orc (2/2) D:10            Elf (0/3) Orc:2        Vaults (0/5) D:14
 Depths (0/5) D:15        Ossuary (visited)          Bailey (visited)

Altars:
Ashenzari
Cheibriados
Dithmenos
Elyvilon
Fedhas
Gozag
Hepliaklqana
Kikubaaqudgha
Makhleb
Nemelex Xobeh
Okawaru
Qazlal
Ru
Sif Muna
Trog
Uskayaw
Vehumet
Wu Jian
Xom
Yredelemnul
Zin
The Shining One
Beogh

Shops:
D:10 ?**[   Orc:2 }(![*


Message History

* * * LOW HITPOINT WARNING * * *
You feel as though you will be slow longer.
The hornet barely misses you.
The swamp worm throws harpoon shot at you.
The harpoon shot reflects off an invisible shield around you!
The harpoon shot hits the swamp worm.
The shambling mangrove hits you.
* * * LOW HITPOINT WARNING * * *
x2 The grasping roots constrict you!
A tyrant leech comes into view.
The hornet stings you.
* * * LOW HITPOINT WARNING * * *
You are more poisoned.
You feel as though you will be slow longer.
The roots' grasp on you weakens, but your attempt to escape fails.
You feel sick. You block the hornet's attack.
The swamp worm throws harpoon shot at you.
The harpoon shot hits you!!
* * * LOW HITPOINT WARNING * * *
You are yanked forward by the harpoon shot.
You die...

...≈≈≈..♣♣♣♣....≈≈
♣....≈≈≈...§♣≈...≈≈≈
♣..≈≈≈≈≈...≈≈......≈
.♣§≈≈≈.≈...≈....!.!≈.
.≈.....≈≈.≈.≈≈≈.≈.w§≈
..≈≈≈.≈≈≈...≈†≈≈≈≈≈≈≈
≈≈≈≈≈≈≈ ♣%)≈†.≈≈≈≈≈≈
≈≈≈≈≈.w♣♣♣).)†...≈≈≈≈
♣♣@..yf..≈≈.≈...
♣..≈≈.<...≈♣♣♣♣.
♣.≈t≈≈y.≈≈≈.♣
...≈≈≈≈≈≈≈≈≈.♣
≈...≈≈≈≈≈≈≈≈≈.♣
.≈:....≈≈≈≈≈≈≈≈.♣
.......≈≈≈≈≈≈≈≈(♣
......≈...≈≈≈≈.♣♣
.≈........♣♣


You could see a shambling mangrove, an alligator, a swamp worm and 2 hornets.

Vanquished Creatures
  A stone giant (Orc:2)
  An ettin (D:15)
  Erolcha (Orc:2)
  Josephine (D:11)
  2 hydras
  Harold (Lair:1)
  7 two-headed ogres
  4 centaur warriors
  2 death knights
  2 ogre magi (Orc:2)
  2 tengu warriors (D:15)
  An orc high priest (Bailey)
  A sixfirhy (D:8)
  2 swamp dragons (Swamp:1)
  An unseen horror (D:15)
  A phantasmal warrior (D:15)
  2 wolf spider zombies
  8 ugly things
  An orc knight (Bailey)
  2 deep elf magi (D:13)
  2 manticores
  3 orc sorcerers
  2 cyclopes (D:12)
  A guardian serpent (Lair:4)
  8 elephants
  2 centaur zombies
  4 black mambas
  4 gargoyles
  6 spiny frogs
  2 kobold demonologists
  2 rime drakes (shapeshifter)
  3 centaur skeletons
  A yaktaur (D:15)
  2 rime drakes
  A komodo dragon (Lair:4)
  The ghost of sokol815 the Sneak, a novice OpAE of Gozag (D:6)
  3 freezing wraiths
  A yaktaur (shapeshifter) (D:14)
  2 tengu conjurers
  A merfolk (shapeshifter) (D:14)
  5 trolls
  3 polar bears
  4 hornets
  8 dream sheep (Lair:6)
  A hippogriff (shapeshifter) (D:14)
  9 slime creatures
  2 bog bodies (Swamp:1)
  A meliai zombie (D:14)
  15 hippogriffs
  6 blink frogs
  A shadow (D:12)
  4 spriggans
  6 wraiths
  2 centaur simulacra (D:15)
  A water elemental (D:13)
  2 wyverns (D:12)
  13 yaks
  9 vampire mosquitoes
  2 swamp worms (Lair:3)
  4 hungry ghosts
  3 water moccasins
  Duvessa (D:6)
  8 porcupines
  10 orc warriors
  9 ice beasts
  A sky beast (D:9)
  3 slaves (D:9)
  2 phantoms
  21 wolves
  3 necrophages
  15 ogres
  11 centaurs
  2 boggarts (Lair:6)
  10 crocodiles
  3 big kobolds
  A wyvern zombie (D:11)
  An elf zombie (Ossuary)
  14 bullfrogs
  Dowan (D:6)
  A wyvern skeleton (D:7)
  A water moccasin zombie (D:5)
  7 scorpions
  9 killer bees
  6 wights
  10 howler monkeys
  8 electric eels
  4 bullfrog zombies
  7 crimson imps
  A quasit (D:12)
  8 hounds
  4 bullfrog skeletons
  A gnoll shaman (D:4)
  2 orc priests
  6 jellies
  12 orc wizards
  Jessica (D:2)
  3 iguanas
  Natasha (D:2)
  9 worker ants
  A hound zombie (D:5)
  2 hound skeletons
  3 mummies (Ossuary)
  Robin (D:2)
  7 gnolls
  15 adders
  A shadow imp (D:8)
  2 oozes
  3 adder zombies (Ossuary)
  An adder skeleton (D:7)
  A worm (D:4)
  A dart slug (D:3)
  8 leopard geckos
  31 orcs
  8 bats
  6 giant cockroaches
  A gnoll zombie (Ossuary)
  20 goblins
  6 hobgoblins
  4 jackals (D:8)
  18 kobolds
  3 quokkas
  3 frilled lizards (D:2)
  A hobgoblin zombie (Ossuary)
  A jackal skeleton (D:5)
  A jackal zombie (D:8)
  3 kobold zombies (Ossuary)
  2 leopard gecko zombies
  A quokka skeleton (D:9)
  5 quokka zombies
  4 rats
  5 rat zombies (Ossuary)
  A fungus (Lair:6)
  2 plants (D:9)
584 creatures vanquished.

Vanquished Creatures (collateral kills)
  Rupert (Lair:3)
  6 hydras
  A centaur warrior (D:15)
  A two-headed ogre (D:9)
  3 ogre magi
  A tengu warrior (D:14)
  A swamp dragon (Lair:6)
  Pikel (D:9)
  A deep elf mage (D:12)
  2 orc sorcerers (Orc:2)
  9 elephants
  A centaur zombie (D:9)
  A black mamba (Lair:6)
  4 spiny frogs
  A rime drake (Lair:6)
  A kobold demonologist (D:13)
  4 komodo dragons
  3 polar bears (Lair:6)
  2 hornets
  A tyrant leech (Lair:3)
  Prince Ribbit (D:9)
  A slime creature (D:12)
  7 blink frogs
  5 dream sheep
  4 hippogriffs
  8 spriggans
  A wyvern (Lair:5)
  12 yaks
  2 basilisks
  2 swamp worms (Lair:3)
  A vampire mosquito (Swamp:1)
  A warg (Orc:1)
  6 water moccasins
  3 porcupines (Lair:1)
  2 orc warriors
  A black bear (Lair:6)
  A slave (D:9)
  2 ogres
  5 wolves
  3 centaurs
  2 crocodiles
  A big kobold (D:9)
  4 bullfrogs
  A wight (D:9)
  A killer bee (D:9)
  An electric eel (D:8)
  A howler monkey (D:13)
  A crimson imp (D:11)
  3 orc wizards (Orc:2)
  2 jellies
  2 orc priests
  An iguana (Lair:3)
  A worker ant zombie (D:9)
  A shadow imp (D:12)
  A leopard gecko (D:9)
  9 orcs
  7 goblins (Bailey)
  3 hobgoblins (Bailey)
  5 kobolds
  2 quokkas
  3 fungi
  7 plants
172 creatures vanquished.

Vanquished Creatures (others)
  2 orc knights
  An orc high priest (D:13)
  An unseen horror (D:13)
  3 orc sorcerers
  2 cyclopes (D:15)
  9 orc warriors
  A polar bear (Lair:6)
  A hippogriff (Lair:6)
  3 spriggans (Lair:6)
  A yak (D:12)
  A water moccasin (Lair:6)
  2 boggarts (Lair:6)
  3 wolves (Lair:6)
  A water moccasin zombie (D:7)
  11 orc priests
  9 orc wizards
  An adder (D:7)
  A leopard gecko (D:7)
  38 orcs
  A jackal (D:8)
  5 fungi
  11 plants
108 creatures vanquished.

Grand Total: 864 creatures vanquished

Notes
Turn   | Place    | Note
-------+----------+-------------------------------------------
     0 | D:1      | Faca the Hill Orc Monk began the quest for the Orb.
     0 | D:1      | Reached XP level 1. HP: 19/19 MP: 1/1
   208 | D:1      | Reached XP level 2. HP: 27/27 MP: 2/2
   779 | D:2      | Noticed Robin
   782 | D:2      | Noticed Natasha
  1011 | D:2      | Reached XP level 3. HP: 34/34 MP: 3/3
  1118 | D:2      | Killed Robin
  1118 | D:2      | Reached skill level 5 in Axes
  1163 | D:2      | Noticed Jessica
  1173 | D:2      | Killed Jessica
  1173 | D:2      | Reached XP level 4. HP: 14/41 MP: 4/4
  1444 | D:2      | Reached skill level 5 in Fighting
  1648 | D:2      | Killed Natasha
  1801 | D:3      | Reached XP level 5. HP: 46/48 MP: 5/5
  1838 | D:3      | Reached skill level 6 in Axes
  1932 | D:3      | Found a blossoming altar of Fedhas.
  1983 | D:3      | Found an ancient bone altar of Kikubaaqudgha.
  2001 | D:3      | Found a snail-covered altar of Cheibriados.
  2224 | D:4      | Reached XP level 6. HP: 10/57 MP: 6/6
  2662 | D:4      | Reached skill level 7 in Axes
  2999 | D:4      | Found a basalt altar of Yredelemnul.
  3000 | D:4      | Found a shadowy altar of Dithmenos.
  3002 | D:4      | Found an iron altar of Okawaru.
  3007 | D:4      | Found a stormy altar of Qazlal.
  3007 | D:4      | Found a shimmering blue altar of Sif Muna.
  3096 | D:4      | Found a sacrificial altar of Ru.
  3360 | D:5      | Entered Level 5 of the Dungeon
  3404 | D:5      | Got a crude silver ring
  3459 | D:4      | Reached XP level 7. HP: 41/66 MP: 7/7
  3619 | D:5      | Identified the ring "Igirpheimn" {Ice rElec rN+ MR- Int+4}
                  | (You found it on level 5 of the Dungeon)
  3656 | D:5      | Noticed a hippogriff
  3889 | D:5      | Reached skill level 8 in Axes
  4528 | D:5      | Found a burning altar of Makhleb.
  4575 | D:5      | Killed a hippogriff
  4575 | D:5      | Reached skill level 9 in Axes
  4575 | D:5      | Reached XP level 8. HP: 75/75 MP: 8/8
  4717 | D:5      | Found a staircase to the Ecumenical Temple.
  4726 | Temple   | Entered the Ecumenical Temple
  5038 | D:6      | Found a sand-covered staircase.
  5090 | Ossuary  | Entered an ossuary
  5564 | D:6      | Reached skill level 10 in Axes
  5864 | D:6      | Found a runed translucent door.
  5872 | D:6      | Noticed sokol815's ghost (novice OpAE)
  6422 | D:7      | Reached skill level 10 in Fighting
  6422 | D:7      | Reached XP level 9. HP: 85/85 MP: 9/9
  6447 | D:7      | Became a worshipper of Beogh the Brigand
  6447 | D:7      | Reached * piety under Beogh
  6447 | D:7      | Reached ** piety under Beogh
  6451 | D:7      | Reached skill level 11 in Axes
  7128 | D:7      | Found an opulent altar of Gozag.
  7129 | D:7      | Found a sparkling altar of Nemelex Xobeh.
  7396 | D:6      | Reached skill level 1 in Armour
  7869 | D:7      | Reached skill level 12 in Axes
  7872 | D:7      | Noticed Duvessa
  7930 | D:7      | Noticed Dowan
  8110 | D:6      | Killed Duvessa
  8114 | D:6      | Killed Dowan
  8435 | D:7      | Reached XP level 10. HP: 77/95 MP: 10/10
  8592 | D:7      | Found a hazy altar of Hepliaklqana.
  8762 | D:8      | Reached *** piety under Beogh
  9407 | D:8      | Reached skill level 15 in Axes
  9407 | D:8      | Reached XP level 11. HP: 103/103 MP: 10/17
  9423 | D:8      | Reached skill level 5 in Armour
  9654 | D:8      | Found a staircase to the Lair.
  9877 | D:8      | Noticed a sixfirhy
  9878 | D:8      | Found a runed translucent door.
 10614 | D:9      | Noticed a two-headed ogre
 10721 | D:9      | Noticed a two-headed ogre
 10897 | D:9      | Reached **** piety under Beogh
 11174 | D:9      | Found a hide-covered altar of Uskayaw.
 11204 | D:9      | Killed a two-headed ogre
 11206 | D:9      | Noticed a two-headed ogre
 11213 | D:9      | Killed a two-headed ogre
 11533 | D:9      | Noticed Prince Ribbit
 11605 | D:9      | Killed Prince Ribbit
 11689 | D:9      | Killed a two-headed ogre
 11689 | D:9      | Reached skill level 16 in Axes
 12011 | D:9      | Noticed Pikel
 12027 | D:9      | Killed Pikel
 12288 | D:10     | Entered Level 10 of the Dungeon
 12304 | D:10     | Found Uzodaef's Antique Armour Emporium.
 12380 | D:10     | Reached XP level 12. HP: 109/114 MP: 18/18
 12496 | D:10     | Found a staircase to the Orcish Mines.
 12730 | D:10     | Found Tach's General Store.
 12748 | D:10     | Found a shadowy altar of Dithmenos.
 13011 | D:10     | Found a roughly hewn altar of Beogh.
 13139 | D:10     | Found Oddo's Magic Scroll Shop.
 13212 | D:10     | Found Veat's Assorted Antiques.
 13217 | D:10     | Bought a scroll labeled GAIPNE FYRIOCA for 34 gold pieces
 13434 | D:11     | Noticed Josephine
 13435 | D:11     | Noticed an eight-headed hydra
 13609 | Lair:1   | Entered Level 1 of the Lair of Beasts
 13609 | Lair:1   | Noticed a six-headed hydra
 13617 | Lair:1   | Killed a six-headed hydra
 13851 | Lair:1   | Noticed Harold
 13861 | Lair:1   | Killed Harold
 14406 | Lair:1   | Gained Bogbrand as an ally
 14804 | Lair:1   | Reached ***** piety under Beogh
 15547 | Lair:2   | Gained Olfik as an ally
 16071 | Lair:3   | Reached skill level 17 in Axes
 16260 | Lair:3   | Noticed Rupert
 16264 | Lair:3   | Paralysed by Rupert for 5 turns
 16268 | Lair:3   | Killed Rupert
 16353 | Lair:3   | Found an ornate altar of the Wu Jian Council.
 17102 | Lair:3   | Noticed a seven-headed hydra
 17108 | Lair:3   | Noticed a four-headed hydra
 17114 | Lair:3   | Killed a seven-headed hydra
 17114 | Lair:3   | Reached XP level 13. HP: 58/125 MP: 19/19
 17462 | Lair:3   | Found a staircase to the Swamp.
 18040 | Lair:4   | Reached skill level 1 in Shields
 18346 | Lair:4   | Found a staircase to the Snake Pit.
 18413 | Lair:4   | Reached skill level 10 in Armour
 19354 | Lair:5   | Identified 2 scrolls of acquirement
 19356 | Lair:5   | Got a scintillating bone ring
 19364 | Lair:5   | Identified a +1 pair of boots of running (You acquired it
                  | on level 5 of the Lair of Beasts)
 19365 | Lair:5   | Identified the ring of Entrepreneurial Spirit {rC+ Dex+4
                  | Stlth+} (You acquired it on level 5 of the Lair of Beasts)
 19782 | Lair:5   | Reached skill level 15 in Fighting
 20168 | Lair:6   | Entered Level 6 of the Lair of Beasts
 20497 | Lair:6   | Reached skill level 18 in Axes
 20497 | Lair:6   | Paralysed by a hornet for 3 turns
 20504 | Lair:6   | Found a staircase to the Slime Pits.
 21589 | Lair:6   | Reached skill level 5 in Shields
 21593 | Lair:6   | Gained Agrik as an ally
 21696 | Lair:6   | Reached XP level 14. HP: 134/135 MP: 20/20
 21712 | Lair:6   | Reached ****** piety under Beogh
 22576 | Lair:6   | Your ally Olfik died
 22923 | Lair:6   | Got a warped platinum ring
 22929 | Lair:6   | Identified the ring of the Iron Devil {Ice Int+2 Slay+3}
                  | (You found it on level 6 of the Lair of Beasts)
 23452 | Orc:1    | Entered Level 1 of the Orcish Mines
 23851 | Orc:2    | Entered Level 2 of the Orcish Mines
 23858 | Orc:2    | Paralysed by an orc sorcerer for 2 turns
 23866 | Orc:2    | Noticed a stone giant
 23878 | Orc:2    | Killed a stone giant
 23880 | Orc:2    | Found Wayg's General Store.
 23885 | Orc:2    | Found a staircase to the Elven Halls.
 23952 | Orc:2    | Gained Bogbarth as an ally
 24515 | Orc:2    | Found Acysow's Antique Weapon Emporium.
 24648 | Orc:2    | Found an ancient bone altar of Kikubaaqudgha.
 24657 | Orc:2    | Paralysed by an orc sorcerer for 3 turns
 24665 | Orc:2    | Found Fobuamul's Distillery.
 24678 | Orc:2    | Noticed Erolcha
 24683 | Orc:2    | Killed Erolcha
 24684 | Orc:2    | Found a radiant altar of Vehumet.
 24908 | Orc:2    | Found a roughly hewn altar of Beogh.
 24908 | Orc:2    | Found Dotazxou's Antique Armour Emporium.
 24908 | Orc:2    | Found Maeviynn's Gadget Shoppe.
 24951 | Orc:2    | Bought a glowing helmet for 262 gold pieces
 24962 | Orc:2    | Bought a fine scale mail for 315 gold pieces
 24962 | Orc:2    | Identified the +2 scale mail of Polytheism {*Drain rCorr
                  | Int+3} (You bought it in a shop on level 2 of the Orcish
                  | Mines)
 24965 | Orc:2    | Bought a runed plate armour for 910 gold pieces
 24996 | Orc:2    | Bought a potion of mutation for 112 gold pieces
 24996 | Orc:2    | Bought a potion of mutation for 112 gold pieces
 24996 | Orc:2    | Bought a potion of heal wounds for 70 gold pieces
 24996 | Orc:2    | Bought a potion of haste for 140 gold pieces
 24996 | Orc:2    | Bought a potion of resistance for 140 gold pieces
 25504 | D:11     | Killed Josephine
 25775 | D:11     | Reached skill level 19 in Axes
 26222 | D:12     | Gained Orgrim as an ally
 26222 | D:12     | Gained Korbok as an ally
 26257 | D:12     | Your ally Korbok died
 26296 | D:12     | Your ally Orgrim died
 26856 | D:12     | Reached XP level 15. HP: 142/145 MP: 21/21
 27595 | D:13     | Gained Rocco as an ally
 28173 | D:14     | Found a flagged portal.
 28216 | D:13     | Your ally Rocco died
 28635 | D:14     | Got a crude hand axe
 28639 | Bailey   | Entered a bailey
 28706 | Bailey   | Identified the +6 hand axe "Vemm" {chop, rC- MR+ Stlth+}
                  | (You found it on level 14 of the Dungeon)
 28964 | Bailey   | Found an iron altar of Okawaru.
 28966 | Bailey   | Found the +8 Wrath of Trog {antimagic, *Rage}
 29009 | Bailey   | Gained Gorbash as an ally
 29191 | Bailey   | Got a pair of bloodstained gloves
 29202 | Bailey   | Identified the +0 pair of gloves of Happy Babbling {*Drain
                  | +Blink Str+4} (You found it in a bailey)
 29440 | D:14     | Found a shimmering blue altar of Sif Muna.
 29833 | D:14     | Found a gate to the Vaults.
 30003 | D:15     | Entered Level 15 of the Dungeon
 30320 | D:15     | Paralysed by an orc sorcerer for 6 turns
 30332 | D:15     | Gained Arbeogh as an ally
 30337 | D:15     | Your ally Arbeogh died
 31089 | D:15     | Found a staircase to the Depths.
 31160 | D:15     | Gained Korbok as an ally
 31218 | D:15     | Your ally Korbok died
 31315 | D:15     | Reached skill level 20 in Axes
 31671 | D:15     | Reached skill level 10 in Shields
 32187 | D:6      | Killed sokol815's ghost
 32368 | Swamp:1  | Entered Level 1 of the Swamp
 32371 | Swamp:1  | Gained Horkud as an ally
 32380 | Swamp:1  | Your ally Horkud died
 32397 | Swamp:1  | Reached XP level 16. HP: 99/155 MP: 22/22
 32409 | Swamp:1  | HP: 3/155 [swamp worm/harpoon shot (21)]
 32409 | Swamp:1  | Mangled by a shambling mangrove

Levels and vault maps discovered:
D:1:      tarquinn_simple_flora_water_b, layout_loops_ring
D:2:      layout_rooms, uniq_robin, uniq_natasha, uniq_jessica
D:3:      layout_rooms, fedhas_altar_1,
          chequers_temple_overflow_statue_of_worship
D:4:      layout_rooms, nicolae_ru_sacrificial_ziggurat,
          grunt_temple_overflow_open
D:5:      layout_gridville, minmay_temple_entry_tees, first_ration, basic_altar,
          kennysheep_generic_room_4
D:6:      layout_gridville, chequers_ossuary_entry_cave,
          ebering_ghost_reflecting_pool
D:7:      layout_rooms, grunt_temple_overflow_opulence, kennysheep_mini,
          uniq_duvessa
D:8:      cheibrodos_shockbox, layout_loops_ring, erik_lair_island
D:9:      layout_gridville, eat_drink_and_be_merry_uskayaw, serial_bayou,
          serial_bayou_pond_a, serial_bayou_lagoon_a, serial_bayou_pond_d,
          serial_bayou_shore_b, grunt_ogre_cave, uniq_pikel, uniq_prince_ribbit1
D:10:     layout_gridville, minmay_orc_entry_temple_small, serial_shops,
          shop_statue, shop, shop, nicolae_shop_waterfront,
          minmay_misc_feat_nine_boxes, nicolae_dithmenos_through_a_glass_darkly
D:11:     layout_roguey, uniq_josephine
D:12:     minmay_the_grid_3x2 [minmay_the_grid_tri_star, minmay_the_grid_x,
          minmay_the_grid_pillar_ring, minmay_the_grid_all_tris,
          minmay_the_grid_outer_diamond, minmay_the_grid_prize_shrinking_boxes],
          layout_gridville
D:13:     layout_basic
D:14:     layout_grid_maze, david_vaults_2, enter_bailey_2, basic_altar
D:15:     hangedman_depths_entry_civil_slaughter, layout_cave_pods,
          chequers_serial_rivers_small_b, hex_large
Temple:   compressed_dpeg_triangle_lava_temple
Lair:1:   layout_loops_ring, eino_small_chamber_without_monster,
          beast_lair_carwin_7, serial_bayou_shore_b, serial_bayou_shore_b,
          uniq_harold
Lair:2:   layout_regular_city
Lair:3:   layout_cave_pods, palyth_hydra_swamp_entry, basic_altar, minivault_27,
          st_stairs_3, grunt_megastairs_3, uniq_rupert
Lair:4:   layout_misc_corridors, minmay_snake_entry_spellcaster
Lair:5:   layout_roguey, grunt_megastairs_5
Lair:6:   minmay_lair_end_enchanted_forest, layout_cave_pods,
          nicolae_slime_entry_slimehenge, serial_bayou_pond_c,
          hibernation_bobbens
Swamp:1:  layout_basic_swamp, infiniplex_staircase_pool
Orc:1:    layout_caves, minmay_orc_keep
Orc:2:    kennysheep_orc_mage_school, layout_diamond_mine, serial_shops,
          nicolae_shop_crystal

Skill      XL: |  1  2  3  4  5  6  7  8  9 10 11 12 13 14 15 |
---------------+----------------------------------------------+-----
Fighting       | 4 5 6 7 8 10 11 12 13 14 15 16 17 | 17.4
Axes           | 5 6 7 9 10 12 15 16 17 18 19 20 | 20.1
Armour         | 3 4 7 9 11 12 13 | 13.5
Invocations    | 9 |  9.1
Shields        | 5 8 10 | 10.1
Dodging        | |  2.4
Stealth        | |  1.5

Action                   |  1- 3 |  4- 6 |  7- 9 | 10-12 | 13-15 | 16-18 || total
-------------------------+-------+-------+-------+-------+-------+-------++-------
Melee: Hand axe          |    70 |   223 |   572 |   335 |       |       ||  1200
       Unarmed           |       |       |     1 |       |       |       ||     1
       Broad axe         |       |       |       |   368 |  1209 |     7 ||  1584
       Whip              |       |       |       |    16 |    17 |       ||    33
       Morningstar       |       |       |       |       |    18 |       ||    18
Invok: Convert to Beogh  |       |       |     1 |       |       |       ||     1
       Smiting           |       |       |       |     3 |     1 |       ||     4
       Recall Orcish Fol |       |       |       |     1 |       |       ||     1
Evoke: Wand              |       |     3 |     9 |       |       |       ||    12
  Use: Scroll            |     6 |     9 |     6 |     9 |    17 |       ||    47
       Potion            |       |     1 |     4 |     2 |     4 |     1 ||    12
 Stab: Sleeping          |     1 |       |     1 |       |     1 |       ||     3
       Distracted        |       |       |       |     4 |    11 |       ||    15
       Paralysed         |       |       |       |       |     1 |       ||     1
  Eat: Chunk             |     1 |     6 |    12 |    18 |    40 |       ||    77
       Ration            |       |       |     3 |     5 |     3 |       ||    11
Armor: Ring mail         |    32 |    91 |    83 |       |       |       ||   206
       Chain mail        |       |       |    71 |   265 |       |       ||   336
       Scale mail        |       |       |       |    72 |   204 |       ||   276
       Plate armour      |       |       |       |       |   302 |     2 ||   304
Dodge: Dodged            |    44 |   180 |   237 |   301 |   319 |     5 ||  1086
Block: Buckler           |       |       |       |       |   236 |       ||   236
       Shield            |       |       |       |       |   485 |     6 ||   491
       Reflection        |       |       |       |       |    28 |     2 ||    30
